[Event "*** Titled Tuesday Blitz"]
[Site "Chess.com"]
[Date "2021.03.16"]
[Round "10"]
[White "Vasily85"]
[Black "ukchessbomber"]
[Result "1-0"]
[WhiteElo "2454"]
[BlackElo "2508"]
[TimeControl "180+1"]
[EndTime "11:53:43 PDT"]
[Termination "Vasily85 won by resignation"]

1. d4 h5 2. e4 g6 3. Nc3 Bh6 4. Nf3 d5 5. Bxh6 Nxh6 6. Nxd5 c5 7. dxc5 e6 8. Qd4 O-O 9. Nf6+ Kh8 10. O-O-O Qxd4 11. Nxd4 e5 12. Nb5 Na6 13. f3 Be6 14. Nd5 Bxd5 15. Rxd5 f6 16. a3 Rfd8 17. b4 Nf7 18.
Bc4 Ng5 19. h4 Ne6 20. Rhd1 Rf8 21. Nd6 Nac7 22. Nxb7 Nxd5 23. exd5 Nd4 24. d6 Rab8 25. Rxd4 exd4 26. c6 Rfc8 27. b5 Rxb7 28. cxb7 Rb8 29. Bd5 Kg7 30. a4 Kf8 31. a5 Ke8 32. Bc6+ Kd8 33. b6 axb6 34. a6 g5 35. a7 1-0

[Event "*** Titled Tuesday Blitz"]
[Site "Chess.com"]
[Date "2021.03.16"]
[Round "10"]
[White "Konavets"]
[Black "DenLaz"]
[Result "0-1"]
[WhiteElo "2945"]
[BlackElo "2873"]
[TimeControl "180+1"]
[EndTime "11:53:51 PDT"]
[Termination "DenLaz won on time"]

1. e4 e5 2. Nf3 Nc6 3. Bc4 Bc5 4. c3 Nf6 5. d3 d6 6. Bg5 h6 7. Bh4 a6 8. Nbd2 Ba7 9. a4 g5 10. Bg3 O-O 11. O-O Kg7 12. d4 Qe7 13. Re1 Bg4 14. h3 Bh5 15. Bd5 Nd7 16. Nc4 exd4 17. cxd4 Bxf3 18. Qxf3 Nxd4 19. Qc3 Nf6 20. Ne3 Kg8 21. Rad1 Nxe4 0-1

[Event "*** Titled Tuesday Blitz"]
[Site "Chess.com"]
[Date "2021.03.16"]
[Round "10"]
[White "GelmanAlexander"]
[Black "Piacramling"]
[Result "1-0"]
[WhiteElo "2557"]
[BlackElo "2347"]
[TimeControl "180+1"]
[EndTime "11:53:52 PDT"]
[Termination "GelmanAlexander won by checkmate"]

1. d4 Nf6 2. Nc3 d5 3. Bf4 a6 4. e3 c5 5. Nf3 Nc6 6. Ne5 Bf5 7.
g4 Be6 8. g5 cxd4 9. exd4 Nd7 10. Nf3 Nb6 11. Rg1 g6 12. h4 Bg7 13. h5 Rg8 14.
Qd2 Bf5 15. O-O-O Qd7 16. h6 Bh8 17. Ne5 Bxe5 18. Bxe5 O-O-O 19. Bh2 Nb4 20. Qf4 Nc6 21. a4 e5 22. dxe5 d4 23. e6 Qxe6 24. Qc7# 1-0

[Event "*** Titled Tuesday Blitz"]
[Site "Chess.com"]
[Date "2021.03.16"]
[Round "10"]
[White "MartinMatthiesen"]
[Black "IMAghasiyevKamal"]
[Result "0-1"]
[WhiteElo "2384"]
[BlackElo "2497"]
[TimeControl "180+1"]
[EndTime "11:53:55 PDT"]
[Termination "IMAghasiyevKamal won on time"]

1. d4 d5 2. c4 e6 3. Nc3 Nf6 4. cxd5 exd5 5. Bg5 c6 6. e3 Nbd7 7. Bd3 Be7 8. Nge2 h6 9. Bh4 Nh5 10. Bxe7 Qxe7 11. O-O O-O 12. Qd2 Re8 13. Rae1 Nb6 14. Nc1 Be6 15. f3 c5 16. dxc5 Qxc5 17. Nb3 Qb4 18.
Bb1 Nc4 19. Qd4 Nf6 20. Rf2 a5 21. Nc5 Nxb2 22. Qxb4 axb4 23. Rxb2 bxc3 24. Rxb7 d4 25. exd4 Bd5 26. Rxe8+ Rxe8 27. Rb4 g5 28. Kf2 Ra8 29. Ke3 Ra3 30. Nb3 Be6 0-1

[Event "*** Titled Tuesday Blitz"]
[Site "Chess.com"]
[Date "2021.03.16"]
[Round "10"]
[White "ErikRonka"]
[Black "northridgehawk"]
[Result "0-1"]
[WhiteElo "2413"]
[BlackElo "2359"]
[TimeControl "180+1"]
[EndTime "11:53:56 PDT"]
[Termination "northridgehawk won by checkmate"]

1. e4 e5 2. Nf3 Nc6 3. Bc4 Nf6 4. d4 exd4 5. O-O Nxe4 6. Nc3 Nxc3 7. bxc3 d5 8. Bb5 dxc3 9. Ne5 Qd6 10. Bf4 Qc5 11.
Qh5 Be6 12. Bxc6+ bxc6 13. Rfe1 g6 14. Qf3 Bg7 15. Nd3 Qe7 16. Be5 O-O 17. Bxg7 Kxg7 18. Ne5 c5 19. Qxc3 d4 20. Qa5 Qd6 21. Nd3 c4 22.
Nc5 Bd5 23. Rad1 Rfe8 24. Rxe8 Rxe8 25. h3 Qe5 26. Nd7 Qe4 27. f3 Qe3+ 28. Kh1 Bxf3 29. Rg1 Bc6 30. Nc5 Qxh3# 0-1

[Event "*** Titled Tuesday Blitz"]
[Site "Chess.com"]
[Date "2021.03.16"]
[Round "10"]
[White "FMJoseHerrera"]
[Black "DonBroca"]
[Result "0-1"]
[WhiteElo "2484"]
[BlackElo "2222"]
[TimeControl "180+1"]
[EndTime "11:53:56 PDT"]
[Termination "DonBroca won by resignation"]

1. e4 c5 2. Nf3 d6 3. d4 cxd4 4. Nxd4 Nf6 5. Nc3 g6 6. Bc4 Bg7 7. Be3 Nc6 8. Bb3 Ng4 9. Nxc6 bxc6 10. Bd4 e5 11. Qf3 O-O 12. Be3 Nxe3 13. Qxe3 Qc7 14.
O-O Be6 15. Rad1 Rfd8 16. f4 exf4 17. Qxf4 Bxb3 18. axb3 Bxc3 19. bxc3 Qe7 20. c4 Rd7 21. Rfe1 Re8 22. Qf2 Qe5 23. Rd3 d5 24. cxd5 cxd5 25. Rde3 dxe4 26. Qe2 f5 27. Qc4+ Qe6 28. Qa4 Red8 29.
h3 Qd6 30. h4 Qd4 31. Qa2 f4 32. c3 Qb6 33. b4+ Kg7 34. c4 fxe3 35. Qb2+ Qf6 36. Qe2 Rd2 37. Qxe3 Qd4 38. h5 Qxe3+ 39. Rxe3 R8d4 40. Rc3 R2d3 41. Rc2 e3 42. c5 Rd2 43.
Rc1 e2 44. Kf2 Rd1 45. Kxe2 Rxc1 0-1

[Event "*** Titled Tuesday Blitz"]
[Site "Chess.com"]
[Date "2021.03.16"]
[Round "10"]
[White "rynos0411"]
[Black "vovachesss"]
[Result "0-1"]
[WhiteElo "2509"]
[BlackElo "2748"]
[TimeControl "180+1"]
[EndTime "11:53:57 PDT"]
[Termination "vovachesss won on time"]

1. e4 e5 2. Nf3 d5 3. exd5 e4 4. Qe2 Nf6 5. d3 Qxd5 6. Nbd2 Nc6 7. dxe4 Qe6 8. Qc4 Qd7 9. Bd3 Bd6 10. Nb3 O-O 11. O-O Ng4 12. Be3 Qe7 13. Bc5 Nxh2 14.
Nxh2 Bxh2+ 15. Kxh2 Qh4+ 16. Kg1 Ne5 17. Qd4 Nf3+ 18.
gxf3 Qg5+ 19. Kh2 Qh5+ 20. Kg1 Bh3 0-1

[Event "*** Titled Tuesday Blitz"]
[Site "Chess.com"]
[Date "2021.03.16"]
[Round "10"]
[White "Matols"]
[Black "gxbg2000"]
[Result "1-0"]
[WhiteElo "2290"]
[BlackElo "1990"]
[TimeControl "180+1"]
[EndTime "11:54:03 PDT"]
[Termination "Matols won on time"]

1. d4 Nf6 2. c4 e6 3. g3 d5 4. Nf3 c6 5. Bg2 Be7 6. O-O O-O 7. Qc2 Nbd7 8. Nbd2 h6 9. e4 dxe4 10.
Nxe4 Nxe4 11. Qxe4 Nf6 12. Qc2 Bd7 13. c5 b5 14. Ne5 Qc7 15. Rd1 Rad8 16. Bf4 Qc8 17. Rac1 Nd5 18. Bd2 Bf6 19. Ba5 Rde8 20. Be4 Bd8 21.
Bxd8 Rxd8 22. a3 a5 23. Qe2 f5 24. Bxd5 exd5 25. Ng6 Rf7 26. Ne7+ Rxe7 27. Qxe7 Re8 28.
Qd6 Re6 29. Qf4 Re4 30. Qd2 f4 31. Re1 g5 32. Rxe4 dxe4 33. d5 Qe8 34. d6 f3 35.
Qxa5 1-0

[Event "*** Titled Tuesday Blitz"]
[Site "Chess.com"]
[Date "2021.03.16"]
[Round "10"]
[White "DvaHrasta"]
[Black "Babas"]
[Result "1-0"]
[WhiteElo "2520"]
[BlackElo "2403"]
[TimeControl "180+1"]
[EndTime "11:54:06 PDT"]
[Termination "DvaHrasta won on time"]

1. c4 e5 2. g3 Nf6 3. Bg2 Nc6 4. Nf3 e4 5. Ng5 d5 6. cxd5 Qxd5 7. d3 Bb4+ 8. Nc3 Bf5 9. O-O Bxc3 10. bxc3 O-O-O 11. Qa4 Rhe8 12. Be3 h6 13. dxe4 Nxe4 14. Nxe4 Bxe4 15.
Rfd1 Qf5 16. Rxd8+ Kxd8 17. Bxa7 Bxg2 18. Kxg2 Rxe2 19.
Be3 Qd5+ 20. Kg1 Ne5 21. Rd1 Nd3 22. c4 Qe4 23. Qa7 Ke7 24. a4 Ne5 25. Qc5+ Kf6 26. Qxc7 Nf3+ 27. Kf1 Ra2 28. Rd6+ 1-0

[Event "*** Titled Tuesday Blitz"]
[Site "Chess.com"]
[Date "2021.03.16"]
[Round "10"]
[White "karinachess1"]
[Black "politeplayer"]
[Result "1-0"]
[WhiteElo "2516"]
[BlackElo "2266"]
[TimeControl "180+1"]
[EndTime "11:54:08 PDT"]
[Termination "karinachess1 won on time"]

1. e4 c5 2. d4 cxd4 3. c3 Nf6 4.
e5 Nd5 5. Qxd4 e6 6. Bc4 Nc6 7. Qe4 f5 8. exf6 Nxf6 9. Qe2 d5 10.
Bd3 e5 11. Bg5 Bd6 12. Nd2 O-O 13. O-O-O Qa5 14. Kb1 e4 15. Bc2 d4 16. Qc4+ Kh8 17.
Bxf6 Rxf6 18. Nxe4 Rh6 19. Nxd6 Rxd6 20. Re1 Bd7 21.
Nf3 d3 22. Bb3 d2 23. Rd1 Bf5+ 24. Ka1 Be6 25. Qa4 Bxb3 26. Qxb3 Rad8 27. h4 Ne7 28. Ng5 Rf6 29. Nf7+ Rxf7 30. Qxf7 Nd5 31. Rxd2 h6 32. Rhd1 1-0

[Event "*** Titled Tuesday Blitz"]
[Site "Chess.com"]
[Date "2021.03.16"]
[Round "10"]
[White "Onischuk_V"]
[Black "Jospem"]
[Result "1-0"]
[WhiteElo "2864"]
[BlackElo "2927"]
[TimeControl "180+1"]
[EndTime "11:54:09 PDT"]
[Termination "Onischuk_V won by resignation"]

1. Nf3 c5 2. g3 Nc6 3. Bg2 g6 4. d4 cxd4 5. Nxd4 Bg7 6. Nb3 d6 7.
Nc3 Nf6 8. h3 O-O 9. e4 Rb8 10.
a4 Be6 11. Nd5 Qd7 12. g4 Ne5 13. Nd4 Rfc8 14. O-O Qd8 15. Nxe6 fxe6 16. Nf4 Qd7 17. c3 Nc4 18. Nd3 e5 19. b3 Na5 20. c4 Nc6 21.
Be3 Rf8 22. b4 b6 23. a5 h5 24. g5 Ne8 25. axb6 axb6 26. Ra6 b5 27. cxb5 Rxb5 28. Qb3+ Kh7 29. Qc4 Nb8 30. Ra7 Rb7 31. Rxb7 Qxb7 32. b5 Nc7 33. Rb1 Rc8 34. Rc1 Nd7 35. Qc6 Qxc6 36. Rxc6 Nb8 37. Rc1 d5 38. b6 d4 39.
Rxc7 Rd8 40. Bd2 Rd6 41. Ba5 Na6 42. Rc4 Rd7 43. Bf1 e6 44. Rc7 Nxc7 45. bxc7 Rd8 1-0

[Event "*** Titled Tuesday Blitz"]
[Site "Chess.com"]
[Date "2021.03.16"]
[Round "10"]
[White "Buffy7"]
[Black "ckgchess"]
[Result "1-0"]
[WhiteElo "2642"]
[BlackElo "2749"]
[TimeControl "180+1"]
[EndTime "11:54:09 PDT"]
[Termination "Buffy7 won on time"]

1. e4 g6 2. d4 Bg7 3. Nf3 c5 4. dxc5 Na6 5. Bxa6 Qa5+ 6. c3 Qxa6 7. Be3 Nf6 8. e5 Ng4 9. Bd4 O-O 10. h3 Nh6 11. Qe2 Qxe2+ 12. Kxe2 Nf5 13. Rd1 b6 14. cxb6 Ba6+ 15.
Ke1 axb6 16. Na3 d6 17. exd6 e5 18. Nxe5 Rfe8 19. d7 Re7 20. f4 Nxd4 21. Rxd4 Rd8 22.
Kf2 Bxe5 23. fxe5 Rdxd7 24. Rad1 Ra7 25. Rd6 Rxe5 26. R1d2 b5 27. Nc2 Kg7 28. Nb4 Bc8 29. g4 Rc7 30. R6d5 Re4 31. R2d4 Rxd4 32. Rxd4 h5 33. Kf3 hxg4+ 34. hxg4 Re7 35. Nd3 Be6 36. a3 Bc4 37. Nf4 1-0

[Event "*** Titled Tuesday Blitz"]
[Site "Chess.com"]
[Date "2021.03.16"]
[Round "10"]
[White "Kurkusha"]
[Black "SharapovEvgeny"]
[Result "0-1"]
[WhiteElo "2353"]
[BlackElo "2480"]
[TimeControl "180+1"]
[EndTime "11:54:10 PDT"]
[Termination "SharapovEvgeny won by resignation"]

1. Nf3 c5 2. c4 Nc6 3. Nc3 e5 4. e3 Nf6 5. d4 cxd4 6. exd4 e4 7.
Ne5 Bb4 8. Bg5 Qa5 9. Nxc6 Bxc3+ 10. bxc3 Qxg5 11. Nb4 O-O 12. Qd2 Qg6 13. Nc2 d6 14.
Ne3 Be6 15. Be2 Ng4 16. Bxg4 Bxg4 17. O-O Be6 18. d5 Bd7 19. Rab1 b6 20. Qd4 f5 21. Rfe1 f4 22. Nf1 Rae8 23. Kh1 h5 24. h3 h4 25. Nh2 Bf5 26. Rb2 f3 27. Rg1 Qf7 28.
g4 hxg3 29. Rxg3 Re5 30. Nf1 Qh5 31. Kh2 Rf6 32. Ne3 Rg6 33. Nxf5 Qxf5 34. Rxg6 Qxg6 0-1

[Event "*** Titled Tuesday Blitz"]
[Site "Chess.com"]
[Date "2021.03.16"]
[Round "10"]
[White "GoltsevDmitry2000"]
[Black "GMRafpig"]
[Result "1-0"]
[WhiteElo "2802"]
[BlackElo "2631"]
[TimeControl "180+1"]
[EndTime "11:54:11 PDT"]
[Termination "GoltsevDmitry2000 won by resignation"]

1. e4 c6 2. Nc3 d5 3. d4 dxe4 4.
Nxe4 Nf6 5. Nxf6+ exf6 6. Nf3 Bd6 7. Bd3 O-O 8. O-O Bg4 9. h3 Bh5 10. Re1 Nd7 11. c3 Qc7 12. g4 Bg6 13. Nh4 c5 14. Nf5 Bxf5 15. Bxf5 Nb6 16. Be3 c4 17. Qf3 Rae8 18. Re2 Re7 19. Rae1 Rfe8 20. g5 fxg5 21. Bxg5 Rxe2 22. Rxe2 Rxe2 23. Qxe2 Kf8 24. Bxh7 Bf4 25. Bxf4 Qxf4 26. Be4 Qc1+ 27. Kg2 Qg5+ 28. Qg4 Qxg4+ 29. hxg4 Na4 30. Bxb7 Nxb2 31. Bd5 f6 32. Kf3 Ke7 33. Ke2 Na4 34. Kd2 Nb6 35. Be4 g5 36. Ke3 Kd6 37. Kd2 Na4 38. Bh7 Nb6 39. Bg8 a5 40. Ke3 Kc6 41. Ke4 Kd6 42. Kf5 Ke7 43. d5 Na4 44. d6+ Kxd6 45. Kxf6 Nxc3 46. Bxc4 Ne4+ 47.
Kf5 Nxf2 48. Kxg5 Ke5 49. Kh5 Kf6 50. g5+ Kg7 51. Kh4 Ne4 52. Kg4 Nd6 53. Bd3 Nb7 54. Kf4 Nc5 55. Bf5 Na4 56. Bd3 Nc3 57. a3 a4 58. Ke5 Nd1 59. Kd4 Kf7 60. Kc5 Nb2 61. Bc2 1-0

[Event "*** Titled Tuesday Blitz"]
[Site "Chess.com"]
[Date "2021.03.16"]
[Round "10"]
[White "ChelsieMonica"]
[Black "MuhittinBuker"]
[Result "1-0"]
[WhiteElo "2349"]
[BlackElo "2191"]
[TimeControl "180+1"]
[EndTime "11:54:12 PDT"]
[Termination "ChelsieMonica won by resignation"]

1. c4 Nf6 2. Nf3 e6 3. g3 d5 4.
cxd5 exd5 5. Bg2 c6 6. O-O Be7 7. d4 O-O 8. Nc3 h6 9. h3 Bf5 10. Qb3 Qb6 11. Qxb6 axb6 12. g4 Bh7 13. b3 b5 14. Bf4 Nbd7 15. Ne5 Nxe5 16. Bxe5 Nd7 17. Bf4 Ba3 18. Bc1 Ra7 19. e4 Bxc1 20. Raxc1 b4 21. Na4 dxe4 22. Rfe1 Re8 23. f4 f5 24. Bf1 Kf8 25. Re2 Nf6 26. g5 Nh5 27. gxh6 Nxf4 28. hxg7+ Kxg7 29. Rf2 Nd3 30. Bxd3 exd3 31. Rg2+ Kf6 32.
Nc5 f4 33. Rf1 Re2 34. Rxf4+ Bf5 35. Nxd3 Rxg2+ 36. Kxg2 Rxa2+ 37. Kg3 Kg5 38. h4+ Kg6 39. Ne5+ Kf6 40. Nd7+ Ke6 41. Nc5+ Kf6 42. Nxb7 Rb2 43. Nc5 Kg6 44. h5+ Kg5 45. h6 Bh7 46. Ne6+ Kxh6 47. Rh4+ Kg6 48. Nf8+ Kg7 49. Nxh7 Rxb3+ 50. Kf4 Rc3 51. Ng5 b3 52. Ne4 b2 53. Nxc3 1-0

[Event "*** Titled Tuesday Blitz"]
[Site "Chess.com"]
[Date "2021.03.16"]
[Round "10"]
[White "fabianvivasz"]
[Black "NateSolon"]
[Result "1-0"]
[WhiteElo "2406"]
[BlackElo "2547"]
[TimeControl "180+1"]
[EndTime "11:54:13 PDT"]
[Termination "fabianvivasz won by checkmate"]

1. c4 Nf6 2. Nc3 e6 3. e4 d5 4.
e5 d4 5. exf6 dxc3 6. bxc3 Qxf6 7.
d4 b6 8. Be2 Bb7 9. Bf3 Bxf3 10.
Nxf3 Bd6 11. O-O O-O 12. a4 Nc6 13. Re1 h6 14. Re4 Na5 15. Qe2 c5 16. Ne5 Bxe5 17.
dxe5 Qf5 18. Rf4 Qh7 19. Be3 Rad8 20. Qh5 Qg6 21. Qh3 h5 22. Rh4 Qc2 23. Rf1 Rd1 24.
g4 Rxf1+ 25. Kxf1 Rd8 26. Rxh5 Rd1+ 27. Kg2 Qe4+ 28. f3 Qc2+ 29. Bf2 f6 30. Rh8+ Kf7 31.
Qh5+ g6 32. Qh7# 1-0

[Event "*** Titled Tuesday Blitz"]
[Site "Chess.com"]
[Date "2021.03.16"]
[Round "10"]
[White "JimmmyZhang"]
[Black "Msb2"]
[Result "0-1"]
[WhiteElo "2568"]
[BlackElo "2932"]
[TimeControl "180+1"]
[EndTime "11:54:14 PDT"]
[Termination "Msb2 won on time"]

1. e4 e6 2. d4 d5 3. Nc3 Nf6 4. Bg5 dxe4 5. Nxe4 Be7 6. Bxf6 gxf6 7. Nf3 f5 8. Nc3 a6 9. d5 c6 10. dxe6 Qxd1+ 11. Rxd1 Bxe6 12. Nd4 Bf6 13. Nce2 Nd7 14. Nxe6 fxe6 15.
c3 Nc5 16. Nf4 Ke7 17. Bc4 b5 18. Bb3 Be5 19. Nd3 Nxd3+ 20. Rxd3 f4 21. O-O c5 22.
Bc2 c4 23. Rd2 Rad8 24. Re2 Kf6 25. Rfe1 Rd5 26. Be4 Rc5 27. a3 a5 28. Bf3 Rb8 29. Bg4 b4 30. axb4 axb4 31. g3 bxc3 32. bxc3 Bxc3 33.
Rxe6+ Kg5 34. R1e4 Kxg4 35. Rxf4+ Kg5 36. h4+ Kh5 37.
Ree4 Rbc8 38. Kg2 Kg6 39. Re6+ Kg7 40. Re7+ Kg8 0-1

[Event "*** Titled Tuesday Blitz"]
[Site "Chess.com"]
[Date "2021.03.16"]
[Round "10"]
[White "Grineva_Marianna"]
[Black "PavelChernomordik"]
[Result "0-1"]
[WhiteElo "2268"]
[BlackElo "2408"]
[TimeControl "180+1"]
[EndTime "11:54:23 PDT"]
[Termination "PavelChernomordik won by resignation"]

1. e4 g6 2. d4 Bg7 3. Nc3 d6 4.
f4 a6 5. Nf3 b5 6. Bd3 Nd7 7.
e5 c5 8. Be4 Rb8 9. Be3 b4 10.
Ne2 Qc7 11. c3 bxc3 12. bxc3 Nh6 13. h3 O-O 14. O-O Nb6 15. Kh1 Nc4 16. Bf2 Bb7 17. Bxb7 Qxb7 18. Ng3 cxd4 19. cxd4 Qd5 20. Qa4 a5 21.
Ng5 Rb2 22. Qd7 Ne3 23. Nf3 Nxf1 24. Rxf1 Qxa2 25. Kg1 dxe5 26. dxe5 e6 27. Ng5 Nf5 28. Nxf5 gxf5 29. Qd3 a4 30. Qd1 a3 31. Qh5 h6 32.
Nf3 Rb1 33. Nd4 Rxf1+ 34. Kxf1 Qc4+ 35. Kg1 a2 36. Qd1 Rd8 37. Qa1 Bf8 38. Nf3 Qb3 39. Bd4 Rxd4 40. Qxd4 Qb1+ 41. Kh2 a1=Q 0-1

[Event "*** Titled Tuesday Blitz"]
[Site "Chess.com"]
[Date "2021.03.16"]
[Round "10"]
[White "elohunter1999"]
[Black "ShahMatKanal"]
[Result "0-1"]
[WhiteElo "2585"]
[BlackElo "2476"]
[TimeControl "180+1"]
[EndTime "11:54:28 PDT"]
[Termination "ShahMatKanal won by checkmate"]

1. d4 d5 2. c4 e6 3. Nf3 Nf6 4. e3 Be7 5. b3 b6 6. Bb2 dxc4 7. Bxc4 O-O 8. O-O c5 9. dxc5 Bxc5 10. Nbd2 Bb7 11. Qe2 a6 12. Rfd1 Qe7 13. Ne5 b5 14. Bd3 Nc6 15. Rac1 Nxe5 16. Bxe5 Rac8 17. Bxf6 Qxf6 18.
Bxh7+ Kxh7 19. Qh5+ Kg8 20. Rxc5 Rxc5 21. Qxc5 Rd8 22.
h3 Qg6 23. f3 Bxf3 24. Nxf3 Rxd1+ 25. Kh2 Rd8 26. Qb6 Qd3 27. Qa7 Qd6+ 28. Kh1 Qg3 29. Ng1 Rd2 30. Qa8+ Kh7 31. Qe4+ f5 32. Qc6 Rxa2 33.
b4 Rb2 34. Qb7 Qxe3 35. Qf7 Qg5 36. Nf3 Qxg2# 0-1

[Event "*** Titled Tuesday Blitz"]
[Site "Chess.com"]
[Date "2021.03.16"]
[Round "10"]
[White "QuintilianoR"]
[Black "Smile2005"]
[Result "0-1"]
[WhiteElo "2711"]
[BlackElo "2466"]
[TimeControl "180+1"]
[EndTime "11:54:29 PDT"]
[Termination "Smile2005 won by resignation"]

1. Nf3 Nf6 2. c4 g6 3. Nc3 Bg7 4. d4 O-O 5. e4 d6 6. Be2 e5 7.
O-O exd4 8. Nxd4 Re8 9. f3 Nc6 10. Be3 Nh5 11. Nc2 f5 12. Qd2 Nf6 13. Bg5 Rf8 14.
exf5 Bxf5 15. Ne3 Qd7 16. Kh1 Rae8 17. Rae1 h6 18. Nxf5 hxg5 19. Nxg7 Kxg7 20. Qxg5 Re5 21. Qd2 Rh5 22. f4 Rh4 23. Rf2 Rfh8 24. g3 Rh3 25. Kg1 Qf5 26. Bf1 R3h6 27. Nd5 Ne4 28. Rxe4 Qxe4 29.
f5 Qd4 30. f6+ Kf8 31. Qxd4 Nxd4 32. h3 c6 33. Ne3 Kf7 34. Bg2 Re8 35. Ng4 Rhh8 36.
Rd2 Nf5 37. Kh2 Re1 38. b3 Rhe8 39. c5 d5 40. b4 R8e2 41. Rxe2 Rxe2 42. a4 Ne3 0-1

[Event "*** Titled Tuesday Blitz"]
[Site "Chess.com"]
[Date "2021.03.16"]
[Round "10"]
[White "aljado"]
[Black "DinaBelenkaya"]
[Result "1-0"]
[WhiteElo "2173"]
[BlackElo "2355"]
[TimeControl "180+1"]
[EndTime "11:54:29 PDT"]
[Termination "aljado won on time"]

1. e4 d5 2. exd5 Qxd5 3. d4 Nc6 4. Be3 e5 5. c4 Qa5+ 6. Bd2 Bb4 7. d5 Nd4 8. Nc3 Bf5 9. Rc1 Qb6 10. Nf3 O-O-O 11. a3 Bc5 12. b4 Nc2+ 13. Rxc2 Bxf2+ 14. Ke2 e4 15. c5 exf3+ 16. Kxf2 Qg6 17. Rc1 Nf6 18.
gxf3 Nxd5 19. Nxd5 Rxd5 20. Qe2 Qf6 21. Bg2 Qh4+ 22. Kg1 Rhd8 23. Be1 Qg5 24. Ra1 Rd3 25. h4 Qf4 26. Ra2 Rd1 27. Kf2 Rc1 28. Rd2 Rxd2 29. Qxd2 Qc4 30. Kg1 Rc2 31. Qe3 1-0

[Event "*** Titled Tuesday Blitz"]
[Site "Chess.com"]
[Date "2021.03.16"]
[Round "10"]
[White "alexrustemov"]
[Black "SF-96"]
[Result "1-0"]
[WhiteElo "2770"]
[BlackElo "2595"]
[TimeControl "180+1"]
[EndTime "11:54:35 PDT"]
[Termination "alexrustemov won by resignation"]

1. d4 Nf6 2. c4 g6 3. g3 Bg7 4. Bg2 d5 5. cxd5 Nxd5 6. Nc3 Nb6 7. Nf3 O-O 8. O-O Nc6 9. e3 Re8 10. Re1 e5 11. d5 Ne7 12. e4 Bg4 13. h3 Bxf3 14.
Qxf3 c6 15. Bg5 h6 16. Be3 cxd5 17. exd5 Nc4 18. d6 Nf5 19. Qxb7 Rb8 20. Qc7 Ncxe3 21.
fxe3 Rxb2 22. Rad1 Rc2 23. Qxd8 Rxd8 24. Ne4 Rxa2 25.
g4 Nh4 26. Bh1 f5 27. Nc5 e4 28. d7 Be5 29. Ne6 Bf6 30. Nxd8 Bxd8 31. gxf5 gxf5 32. Rd6 Kf7 33. Rxh6 Ng6 34. Rf1 f4 35. Bxe4 Ne5 36. Rxf4+ Kg7 37. Rh7+ Kg8 38. Rf2 Bb6 1-0

[Event "*** Titled Tuesday Blitz"]
[Site "Chess.com"]
[Date "2021.03.16"]
[Round "10"]
[White "GMJustin"]
[Black "AttilaTurzo"]
[Result "0-1"]
[WhiteElo "2324"]
[BlackElo "2543"]
[TimeControl "180+1"]
[EndTime "11:54:37 PDT"]
[Termination "AttilaTurzo won on time"]

1. e4 c5 2. Nf3 Nc6 3. d4 cxd4 4. Nxd4 Nf6 5. Nc3 d6 6. Bg5 e6 7. Qd2 a6 8. O-O-O Bd7 9. f3 Nxd4 10. Qxd4 Be7 11.
Be3 O-O 12. g4 Bc6 13. h4 b5 14. g5 Nd7 15. Qd2 b4 16. Ne2 d5 17. Nd4 Bb7 18. h5 dxe4 19. g6 Nc5 20. h6 fxg6 21.
hxg7 Rf7 22. Qh2 Rxg7 23. Nxe6 Nxe6 24. Rxd8+ Rxd8 25. Bc4 Bd5 26. Bxd5 Rxd5 27. fxe4 Rd8 28. Qe5 Rd6 29. Rd1 Rc6 30. Qd5 Rd6 31. Qc4 Kf7 32. Rxd6 Bxd6 33. Qxa6 Be7 34. Kd2 Rg8 35. c3 Rd8+ 36. Kc2 bxc3 37. Kxc3 Bf6+ 38. Kc2 h5 39. Qf1 Kg7 40. Qf2 Rc8+ 0-1

[Event "*** Titled Tuesday Blitz"]
[Site "Chess.com"]
[Date "2021.03.16"]
[Round "10"]
[White "1977Ivan"]
[Black "ChristopherYoo"]
[Result "0-1"]
[WhiteElo "2806"]
[BlackElo "2909"]
[TimeControl "180+1"]
[EndTime "11:54:38 PDT"]
[Termination "ChristopherYoo won on time"]

1. e4 c5 2. Nc3 Nc6 3. f4 d6 4. Nf3 g6 5. Bb5 Bd7 6. Bc4 Bg7 7. d3 e6 8. f5 exf5 9. O-O Nge7 10. Qe1 h6 11. Bf4 Ne5 12. exf5 Nxf3+ 13. Rxf3 Bxf5 14. Qg3 d5 15. Bc7 Qd7 16. Bb5 Nc6 17. Re1+ Be6 18. Kh1 O-O 19. Bd6 Rfe8 20. Bxc5 a6 21. Ba4 b5 22. Bb3 Rac8 23. Rff1 Nd4 24. Bxd4 Bxd4 25. Ne2 Bxb2 26. Nf4 a5 27. Qf3 Rcd8 28. Bxd5 Bxd5 29.
Rxe8+ Qxe8 30. Nxd5 Rc8 31. Qd1 Kg7 32. c4 bxc4 33.
dxc4 Qe4 34. Qb3 Be5 35. h3 Qxc4 36. Qf3 Rf8 37. g4 Qxa2 38. Nf4 a4 39. h4 Qc4 40. h5 a3 0-1

[Event "*** Titled Tuesday Blitz"]
[Site "Chess.com"]
[Date "2021.03.16"]
[Round "10"]
[White "mbojan"]
[Black "BahadirOzen"]
[Result "0-1"]
[WhiteElo "2647"]
[BlackElo "2779"]
[TimeControl "180+1"]
[EndTime "11:54:38 PDT"]
[Termination "BahadirOzen won on time"]

1. g3 g6 2. Bg2 Bg7 3. d3 d6 4. Nd2 Nd7 5. Nh3 Nh6 6. O-O O-O 7. e4 e5 8. f4 f5 9. Ng5 Nf6 10. fxe5 dxe5 11. exf5 gxf5 12. Nc4 Nhg4 13. Qe2 h6 14.
Nf3 e4 15. Nh4 exd3 16. cxd3 Qd4+ 17. Kh1 Re8 18. Qf3 b5 19. Be3 Qxd3 20. Bg1 Qxf3 21. Bxf3 Be6 22. Na5 Rad8 23. Nc6 Rd2 24. Rae1 Ne4 25.
Bxe4 fxe4 26. Nf5 e3 27. Nfe7+ Kh7 28. Bxe3 Rxh2+ 29. Kg1 Bxa2 30. Rf4 Nxe3 31. Kxh2 Nd5 0-1

[Event "*** Titled Tuesday Blitz"]
[Site "Chess.com"]
[Date "2021.03.16"]
[Round "10"]
[White "jefferyx"]
[Black "mishanick"]
[Result "1-0"]
[WhiteElo "3017"]
[BlackElo "3027"]
[TimeControl "180+1"]
[EndTime "11:54:39 PDT"]
[Termination "jefferyx won by resignation"]

1. e4 c5 2. Nf3 d6 3. d4 cxd4 4. Nxd4 Nf6 5. Nc3 a6 6. h3 b5 7. a4 b4 8. Nd5 e6 9. Nxf6+ Qxf6 10. g3 e5 11. Nf5 Bb7 12. Bg2 d5 13. Ne3 dxe4 14. Nd5 Qd6 15. Bxe4 Nd7 16. Be3 f5 17. Nf6+ Qxf6 18. Bxb7 Rd8 19. Qe2 Nc5 20. Bg2 Qe6 21. Rd1 Rxd1+ 22. Qxd1 Bd6 23. Bd5 Qf6 24. O-O Ke7 25.
Qd2 f4 26. gxf4 Rd8 27. fxe5 Qxe5 28. Bg5+ Kd7 29. f4 Qxb2 30. Bxd8 Kxd8 31. Bg2 Qf6 32. Rd1 Ke7 33. Qxb4 Qxf4 34. Qxf4 Bxf4 35. Bc6 Bd6 36. Kg2 g6 37. Kf3 Ke6 38. Re1+ Be5 39.
Rd1 h6 40. Kg4 Bf6 41. Be8 h5+ 42. Kf3 Kf5 43. Rd5+ Be5 44. Rxc5 1-0

[Event "*** Titled Tuesday Blitz"]
[Site "Chess.com"]
[Date "2021.03.16"]
[Round "10"]
[White "Lady_Nika"]
[Black "chesslh19"]
[Result "1/2-1/2"]
[WhiteElo "2380"]
[BlackElo "2259"]
[TimeControl "180+1"]
[EndTime "11:54:39 PDT"]
[Termination "Game drawn by repetition"]

1. d4 Nf6 2. e3 d5 3. f4 c5 4.
Nf3 Nc6 5. c3 Bg4 6. Be2 e6 7.
Ne5 Bxe2 8. Qxe2 Be7 9. Nd2 O-O 10. O-O Rc8 11. b3 Ne4 12. Nxe4 dxe4 13. Bb2 f6 14. Ng4 f5 15. Ne5 Nxe5 16. fxe5 cxd4 17. exd4 Qd7 18.
Rad1 a6 19. c4 b5 20. d5 Bc5+ 21. Kh1 bxc4 22. bxc4 Rb8 23. Ba1 Rfe8 24. h3 Qb7 25.
dxe6 Rxe6 26. Rxf5 e3 27. Bc3 Qe4 28. Qg4 Qxg4 29. hxg4 Rh6+ 30. Rh5 Rxh5+ 31. gxh5 Kf7 32. Kh2 Ke6 33. Kg3 Rf8 34. Re1 Rf2 35. a3 Rc2 36. Bb4 Rxc4 37. Bxc5 Rxc5 38. Rxe3 Rxe5 39. Rb3 Ra5 40.
Kg4 Ra4+ 41. Kh3 Kf6 42. g4 Kg5 43. Rc3 g6 44. Rc5+ Kf4 45. hxg6 hxg6 46. Rc3 Kg5 47. Rd3 Kf6 48. Kh4 Ke5 49. Kg5 Ke4 50. Rb3 Kd5 51.
Rb4 Rxa3 52. Kxg6 a5 53. Rf4 a4 54. Kf5 Kc5 55. g5 Kb5 56. g6 Rg3 57. Rg4 Rf3+ 58. Ke6 Rf8 59. Ke7 Rg8 60. Kf7 Ra8 61. Rg1 a3 62.
Ke6 Kb4 63. Kd5 Kb3 64. Rg3+ Kb2 65. Rg2+ Kb1 66. Rg1+ Kb2 67. Kc4 a2 68. Rg2+ Kb1 69.
Rg1+ Kb2 70. Rg2+ Kb1 71. Rg1+ Kb2 1/2-1/2